 Dungeon Crawl Stone Soup version 0.18.1-2-ga659475 (webtiles) character file.

109 dvd the Poker (level 4, 0/34 HPs)
             Began as a Merfolk Gladiator on May 8, 2016.
             Succumbed to Crazy Yiuf's poison
             ... on level 2 of the Dungeon.
             The game lasted 00:05:56 (1922 turns).

dvd the Poker (Merfolk Gladiator)                   Turns: 1922, Time: 00:05:57

Health: 0/34       AC:  4    Str: 16    XL:     4   Next: 90%
Magic:  4/4        EV: 14    Int: 11    God:
Gold:   168        SH:  0    Dex: 14    Spells: 0 memorised, 3 levels left

rFire  . . .     SeeInvis .     a - +0 trident
rCold  . . .     Gourm    .     b - +0 leather armour
rNeg   . . .     Faith    .     (no shield)
rPois  .         Spirit   .     c - +0 helmet
rElec  .         Dismiss  .     (no cloak)
rCorr  .         Reflect  .     (no gloves)
SustAt .         Harm     .     (no boots)
MR     .....                    (no amulet)
Stlth  ++........               (no ring)
                                g - +4 ring of intelligence

@: lethally poisoned (0 -> -13), not resistant to hostile enchantments,
unstealthy
A: change form in water, swift swim
a: no special abilities


You were on level 2 of the Dungeon.
You were not hungry.

You visited 1 branch of the dungeon, and saw 2 of its levels.

You collected 168 gold pieces.

Inventory:

Hand Weapons
 a - a +0 trident (weapon)
Missiles
 d - 3 throwing nets (quivered)
Armour
 b - a +0 leather armour (worn)
 c - a +0 helmet (worn)
 p - a +0 scale mail
Jewellery
 g - a +4 ring of intelligence (left hand)
Scrolls
 i - a scroll of teleportation
 j - a scroll of fog {unknown}
 m - 2 scrolls of noise {unknown}
 n - 2 scrolls of enchant weapon {unknown}
 r - a scroll of identify {unknown}
Potions
 h - a potion of mutation {unknown}
 l - a potion of beneficial mutation {unknown}
 q - a potion of curing {unknown}
 u - a potion of haste {unknown}
Comestibles
 f - 2 bread rations
 k - 3 fruits
 o - a beef jerky
 s - 6 chunks of flesh
 t - a meat ration


   Skills:
 + Level 2.8 Fighting
 + Level 5.5 Polearms
 + Level 2.2 Throwing
 + Level 0.7 Armour
 + Level 5.2 Dodging
 + Level 1.4 Stealth


You had 3 spell levels left.
You didn't know any spells.

Dungeon Overview and Level Annotations

Branches:
Dungeon (2/15)

Altars:
Trog

Annotations:
D:2 Crazy Yiuf


Message History

Crazy Yiuf is moderately wounded.
You feel sick. Crazy Yiuf closely misses you.
You hit Crazy Yiuf.
Crazy Yiuf is heavily wounded.
You feel sick.
Crazy Yiuf yells, "Snurf!
Spliff meccalolo verde."
Crazy Yiuf hits you with a quarterstaff of chaos!
* * * LOW HITPOINT WARNING * * *
Crazy Yiuf freezes you.
* * * LOW HITPOINT WARNING * * *
Drink which item? (? for menu, Esc to quit)
Okay, then.
Unknown command.
* * * LOW HITPOINT WARNING * * *
You feel sick.
Crazy Yiuf screams, "Cholesterol!"
There is an open door here.
Drink which item? (? for menu, Esc to quit)
It was a potion of cure mutation.
It has a very clean taste.
You die...

.#.#.#.#..## ##..## #.#.##......
...........# ##...# #...........
.#.#.#.##.## #...## #.####......
.#.....##.## ##.## #.# #......
.#.#.####..# #.## #.. #......
.#.#.# ##.# ##.# #.. #......
.#.#.#####.# #.## #......
...........# ##.# #......
....†......# ##@## #...(..
.##.....##.# #.g.# ###......
.##.....##.# #...# #....[...
.##.....##.# #..)# #######..
.##........# ##### #..
.#.........# #+# #..
.##.)##....####### #.# #..
......)..........#####.########..
...............................##


You could see Crazy Yiuf.

Vanquished Creatures
  Terence (D:2)
  2 adders (D:2)
  4 worms (D:2)
  3 dart slugs
  2 giant geckos (D:1)
  4 giant cockroaches
  4 goblins
  3 hobgoblins
  3 jackals (D:1)
  2 quokkas (D:2)
  A ball python (D:1)
  5 bats (D:1)
  A giant newt (D:1)
  4 kobolds
  10 rats
49 creatures vanquished.

Notes
Turn   | Place    | Note
--------------------------------------------------------------
     0 | D:1      | dvd the Merfolk Gladiator began the quest for the Orb.
     0 | D:1      | Reached XP level 1. HP: 16/16 MP: 1/1
    95 | D:1      | Reached XP level 2. HP: 18/22 MP: 2/2
   249 | D:1      | Reached skill level 5 in Polearms
   418 | D:1      | Reached XP level 3. HP: 11/28 MP: 3/3
  1117 | D:2      | Noticed a moth of wrath
  1119 | D:2      | Found a bloodstained altar of Trog.
  1367 | D:2      | Reached skill level 5 in Dodging
  1367 | D:2      | Reached skill level 1 in Stealth
  1367 | D:2      | Reached XP level 4. HP: 30/34 MP: 4/4
  1453 | D:2      | Noticed Terence
  1473 | D:2      | Killed Terence
  1902 | D:2      | Noticed Crazy Yiuf
  1921 | D:2      | HP: 1/34 [poisoned by Crazy Yiuf]
  1922 | D:2      | Succumbed to Crazy Yiuf's poison

Skill      XL: |  1  2  3 |
---------------+----------+-----
Polearms       | 5 |  5.5
Dodging        | 5 |  5.2
Stealth        | 1 |  1.4
Fighting       | |  2.8
Throwing       | |  2.2
Armour         | |  0.7

Action                   |  1- 3 |  4- 6 || total
-------------------------+-------+-------++-------
Melee: Trident           |   138 |    65 ||   203
Throw: Throwing net      |     3 |       ||     3
  Use: Scroll            |     2 |       ||     2
       Potion            |       |     1 ||     1
 Stab: Sleeping          |     3 |     2 ||     5
  Eat: Chunk             |     1 |     2 ||     3
Armor: Leather armour    |    31 |     2 ||    33
Dodge: Dodged            |    73 |    23 ||    96
